A - U25
DELMARVA SHOREBIRDS @ CHARLESTON RIVERDOGS
06/16/2052
 
TOP OF THE 1ST
Columbia Fireflies batting - Pitching for Greensboro Grasshoppers : RHP Tommy Vela
Pitching: RHP Tommy Vela
Batting: RHB Jonathan Morrow 0-0: Swinging Strike
0-1: Fly out, F3 (Popup, 3F, EV 64.4 MPH)
Batting: RHB Hugo Rivera 0-0: Foul Ball, location: 2F
0-1: Foul Ball, location: 2F
0-2: Ball
1-2: Foul Ball, location: 2F
1-2: Strikes out swinging, 2-3 out at first.
Batting: LHB Linus Dunaway 0-0: Ball
1-0: Called Strike
1-1: Ball
2-1: Swinging Strike
2-2: Strikes out swinging
Top of the 1st over - 0 runs, 0 hits, 0 errors, 0 left on base; Columbia 0 - Greensboro 0
BOTTOM OF THE 1ST
Greensboro Grasshoppers batting - Pitching for Columbia Fireflies : RHP Jacob Thomas
Pitching: RHP Jacob Thomas
Batting: RHB Teddy Kelly 0-0: Fly out, F6 (Flyball, 5D, EV 84.4 MPH)
Batting: RHB Bascom Lee 0-0: Swinging Strike
0-1: Foul Ball, location: 2F
0-2: Ball
1-2: Strikes out looking
Batting: RHB Jake Wilson 0-0: Called Strike
0-1: Ball
1-1: Foul Ball, location: 2F
1-2: Fly out, F9 (Line Drive, 9, EV 105.0 MPH)
Bottom of the 1st over - 0 runs, 0 hits, 0 errors, 0 left on base; Columbia 0 - Greensboro 0
TOP OF THE 2ND
Columbia Fireflies batting - Pitching for Greensboro Grasshoppers : RHP Tommy Vela
Batting: LHB Greg Dunkleman 0-0: Ball
1-0: Ball
2-0: Ball
3-0: Swinging Strike
3-1: Base on Balls
Batting: LHB Yoandris Cantu 0-0: Ball
1-0: Ball
2-0: Ball
3-0: Called Strike
3-1: Base on Balls
Greg Dunkleman to second
Batting: SHB Nicolas Martínez 0-0: Fly out, F7 (Flyball, 7S, EV 86.9 MPH)
Batting: RHB Tom Riley 0-0: Ball
1-0: Called Strike
1-1: Foul Ball, location: 2F
1-2: Ball
2-2: Ball
3-2: Strikes out swinging
Batting: LHB Shawn Usachev 0-0: Foul Ball, location: 2F
0-1: Ball
1-1: Foul Ball, location: 2F
1-2: Ball
2-2: Ball
3-2: Reached on error, E8 (Flyball, 8RM, EV 91.2 MPH)
Greg Dunkleman scores
Yoandris Cantu to third
Batting: RHB Chris Suter 0-0: Called Strike
0-1: Ball
1-1: Ball
2-1: Ball
3-1: Fly out, F4 (Popup, 3D, EV 46.9 MPH)
Top of the 2nd over - 1 run, 0 hits, 1 error, 2 left on base; Columbia 1 - Greensboro 0
BOTTOM OF THE 2ND
Greensboro Grasshoppers batting - Pitching for Columbia Fireflies : RHP Jacob Thomas
Batting: RHB Javy Ramírez 0-0: Ball
1-0: Fly out, F3 (Popup, 3SF, EV 73.1 MPH)
Batting: LHB Dave Howard 0-0: Called Strike
0-1: SINGLE (Groundball, 34D, EV 96.9 MPH)
Batting: RHB Miguel Marques 0-0: Called Strike
0-1: Swinging Strike
Dave Howard steals 2nd base
0-2: Foul Ball, location: 2F
0-2: Ground out 4-3 (Groundball, 4M, EV 96.9 MPH)
Dave Howard to third
Batting: LHB Wyatt Carson 0-0: Swinging Strike
0-1: Ball
1-1: Ground out 4-3 (Groundball, 4, EV 101.2 MPH)
Bottom of the 2nd over - 0 runs, 1 hit, 0 errors, 1 left on base; Columbia 1 - Greensboro 0
TOP OF THE 3RD
Columbia Fireflies batting - Pitching for Greensboro Grasshoppers : RHP Tommy Vela
Batting: RHB Jonathan Morrow 0-0: Ball
1-0: Ball
2-0: Ball
3-0: Base on Balls
Batting: RHB Hugo Rivera 0-0: Ball
1-0: Called Strike
1-1: Ball
2-1: SINGLE (Line Drive, 5D, EV 97.5 MPH)
Jonathan Morrow to second
Batting: LHB Linus Dunaway 0-0: Fly out, F7 (Line Drive, 7, EV 98.1 MPH)
Batting: LHB Greg Dunkleman 0-0: Ball
1-0: Ball
2-0: Foul Ball, location: 2F
2-1: Called Strike
2-2: Strikes out looking
Batting: LHB Yoandris Cantu 0-0: Ball
1-0: Called Strike
1-1: Ball
2-1: Fly out, F7 (Flyball, 78M, EV 81.2 MPH)
Top of the 3rd over - 0 runs, 1 hit, 0 errors, 2 left on base; Columbia 1 - Greensboro 0
BOTTOM OF THE 3RD
Greensboro Grasshoppers batting - Pitching for Columbia Fireflies : RHP Jacob Thomas
Batting: RHB Josh Barratt 0-0: Ball
1-0: Ground out 5-3 (Groundball, 56S, EV 85.0 MPH)
Batting: LHB Noah Christian 0-0: Foul Ball, location: 2F
0-1: Foul Ball, location: 2F
0-2: Strikes out swinging
Batting: RHB Teddy Kelly 0-0: Fly out, F2 (Popup, 13S, EV 88.8 MPH)
Bottom of the 3rd over - 0 runs, 0 hits, 0 errors, 0 left on base; Columbia 1 - Greensboro 0
TOP OF THE 4TH
Columbia Fireflies batting - Pitching for Greensboro Grasshoppers : RHP Tommy Vela
Batting: SHB Nicolas Martínez 0-0: Ball
1-0: SINGLE (Groundball, 6D, EV 95.6 MPH)
Batting: RHB Tom Riley 0-0: Foul Ball, location: 2F
0-1: Ball
Passed Ball!
Nicolas Martínez to second
1-1: Foul Ball, location: 2F
1-2: SINGLE (Groundball, 6MD, EV 103.8 MPH)
Nicolas Martínez to third
Batting: LHB Shawn Usachev 0-0: Swinging Strike
0-1: Foul Ball, location: 2F
0-2: Ball
1-2: Ball
2-2: Fielders Choice at 2nd, 5-4 (Groundball, 56, EV 81.2 MPH)
Nicolas Martínez scores
Batting: RHB Chris Suter 0-0: Ball
1-0: Foul Ball, location: 2F
1-1: Swinging Strike
1-2: SINGLE (Groundball, 13S, EV 76.2 MPH) (infield hit)
Shawn Usachev to second
Batting: RHB Jonathan Morrow 0-0: Called Strike
0-1: Ball
1-1: Ball
2-1: Foul Ball, location: 2F
2-2: Strikes out swinging
Batting: RHB Hugo Rivera 0-0: Ball
1-0: Ball
2-0: Called Strike
2-1: Ball
3-1: Called Strike
3-2: Strikes out swinging
Top of the 4th over - 1 run, 3 hits, 0 errors, 2 left on base; Columbia 2 - Greensboro 0
BOTTOM OF THE 4TH
Greensboro Grasshoppers batting - Pitching for Columbia Fireflies : RHP Jacob Thomas
Batting: RHB Bascom Lee 0-0: Fly out, F2 (Popup, 5SF, EV 74.4 MPH)
Batting: RHB Jake Wilson 0-0: Swinging Strike
0-1: Ground out 5-3 (Groundball, 56S, EV 63.1 MPH)
Batting: RHB Javy Ramírez 0-0: Called Strike
0-1: Reached on error, E5 (Groundball, 56, EV 82.5 MPH)
Batting: LHB Dave Howard 0-0: Ball
Javy Ramírez steals 2nd base (no throw)
1-0: Foul Ball, location: 2F
1-1: Swinging Strike
1-2: Fly out, F6 (Popup, 6S, EV 82.5 MPH)
Bottom of the 4th over - 0 runs, 0 hits, 1 error, 1 left on base; Columbia 2 - Greensboro 0
TOP OF THE 5TH
Columbia Fireflies batting - Pitching for Greensboro Grasshoppers : RHP Tommy Vela
Batting: LHB Linus Dunaway 0-0: Ball
1-0: Called Strike
1-1: Ball
2-1: Ball
3-1: Fly out, F2 (Popup, 2R, EV 95.0 MPH)
Pitching: RHP Will Erhardt
Batting: LHB Greg Dunkleman 0-0: Ball
1-0: Ball
2-0: Ball
3-0: Called Strike
3-1: Fly out, F8 (Flyball, 78D, EV 100.0 MPH)
Batting: LHB Yoandris Cantu 0-0: Ball
1-0: Ball
2-0: SOLO HOME RUN (Flyball, 7D, EV 98.1 MPH), Distance : 374 ft
Batting: SHB Nicolas Martínez 0-0: Foul Ball, location: 2F
0-1: Ball
1-1: Ball
2-1: Ball
3-1: Called Strike
3-2: SINGLE (Line Drive, 7LM, EV 102.5 MPH)
Batting: RHB Tom Riley 0-0: Called Strike
0-1: DOUBLE (Flyball, 89XD, EV 98.1 MPH)
Nicolas Martínez to third
Batting: LHB Shawn Usachev 0-0: Foul Ball, location: 2F
0-1: Ball
1-1: Ball
2-1: Ball
3-1: 3-RUN HOME RUN (Flyball, 9D, EV 96.2 MPH), Distance : 384 ft
Pitching: RHP Josh Bieber
Batting: RHB Chris Suter 0-0: Ball
1-0: Ground out 6-3 (Groundball, 56D, EV 111.2 MPH)
Top of the 5th over - 4 runs, 4 hits, 0 errors, 0 left on base; Columbia 6 - Greensboro 0
BOTTOM OF THE 5TH
Greensboro Grasshoppers batting - Pitching for Columbia Fireflies : RHP Jacob Thomas
Batting: RHB Miguel Marques 0-0: Ball
1-0: Ground out 4-3 (Groundball, 4, EV 80.6 MPH)
Batting: LHB Wyatt Carson 0-0: Called Strike
0-1: Ball
1-1: Swinging Strike
1-2: Strikes out swinging
Batting: RHB Josh Barratt 0-0: Called Strike
0-1: DOUBLE (Line Drive, 89M, EV 85.6 MPH)
Batting: LHB Noah Christian 0-0: Ball
1-0: Called Strike
1-1: Ball
2-1: Fly out, F8 (Line Drive, 8RD, EV 98.8 MPH)
Bottom of the 5th over - 0 runs, 1 hit, 0 errors, 1 left on base; Columbia 6 - Greensboro 0
TOP OF THE 6TH
Columbia Fireflies batting - Pitching for Greensboro Grasshoppers : RHP Josh Bieber
Batting: RHB Jonathan Morrow 0-0: Called Strike
0-1: Foul Ball, location: 2F
0-2: SINGLE (Line Drive, 34, EV 105.0 MPH)
Batting: RHB Hugo Rivera 0-0: Called Strike
0-1: Ball
1-1: Called Strike
1-2: Strikes out swinging
Batting: LHB Linus Dunaway 0-0: Foul Ball, location: 2F
0-1: Foul Ball, location: 2F
0-2: Ball
1-2: Ball
2-2: Ball
3-2: Fly out, F8 (Flyball, 8RD, EV 77.5 MPH)
Batting: LHB Greg Dunkleman 0-0: Foul Ball, location: 2F
0-1: Ball
1-1: Ground out U3 (Groundball, 34, EV 87.5 MPH)
Top of the 6th over - 0 runs, 1 hit, 0 errors, 1 left on base; Columbia 6 - Greensboro 0
BOTTOM OF THE 6TH
Greensboro Grasshoppers batting - Pitching for Columbia Fireflies : RHP Jacob Thomas
Batting: RHB Teddy Kelly 0-0: Foul Ball, location: 2F
0-1: Foul Ball, location: 2F
0-2: Ball
1-2: Foul Ball, location: 2F
1-2: Ball
2-2: Ground out 6-3 (Groundball, 6, EV 85.0 MPH)
Batting: RHB Bascom Lee 0-0: Ball
1-0: Fly out, F9 (Flyball, 9D, EV 100.0 MPH)
Batting: RHB Jake Wilson 0-0: Ball
1-0: Swinging Strike
1-1: Fly out, F8 (Flyball, 78D, EV 88.8 MPH)
Bottom of the 6th over - 0 runs, 0 hits, 0 errors, 0 left on base; Columbia 6 - Greensboro 0
TOP OF THE 7TH
Columbia Fireflies batting - Pitching for Greensboro Grasshoppers : RHP Josh Bieber
Batting: LHB Yoandris Cantu 0-0: Ball
1-0: Called Strike
1-1: Ball
2-1: Foul Ball, location: 2F
2-2: Fly out, F4 (Popup, 4, EV 70.0 MPH)
Batting: SHB Nicolas Martínez 0-0: Ball
1-0: Hit by Pitch
Batting: RHB Tom Riley 0-0: Foul Ball, location: 2F
0-1: Foul Ball, location: 2F
0-2: Ball
1-2: DOUBLE (Line Drive, 78M, EV 91.2 MPH)
Nicolas Martínez to third
Batting: LHB Shawn Usachev 0-0: Ball
1-0: Called Strike
1-1: Fly out, F6 (Line Drive, 6, EV 67.5 MPH)
Batting: RHB Chris Suter 0-0: Ball
1-0: SINGLE (Groundball, 6MD, EV 104.4 MPH)
Nicolas Martínez scores
Tom Riley to third
Runner from 3rd tries for Home, SAFE, throw by CF to home
Batting: RHB Jonathan Morrow 0-0: Swinging Strike
0-1: Ball
1-1: Called Strike
1-2: Ball
2-2: Ball
3-2: Strikes out looking
Top of the 7th over - 2 runs, 2 hits, 0 errors, 1 left on base; Columbia 8 - Greensboro 0
BOTTOM OF THE 7TH
Greensboro Grasshoppers batting - Pitching for Columbia Fireflies : RHP Jacob Thomas
Batting: RHB Javy Ramírez 0-0: Fly out, F9 (Flyball, 9LM, EV 86.2 MPH)
Batting: LHB Dave Howard 0-0: Called Strike
0-1: Foul Ball, location: 2F
0-2: Ball
1-2: Foul Ball, location: 2F
1-2: Foul Ball, location: 2F
1-2: Foul Ball, location: 2F
1-2: Ball
2-2: Fly out, F5 (Line Drive, 5, EV 62.5 MPH)
Pinch Hitting: RHB Idel Franco 0-0: Ball
1-0: Swinging Strike
1-1: Called Strike
1-2: Foul Ball, location: 2F
1-2: Fly out, F7 (Line Drive, 7D, EV 99.4 MPH)
Bottom of the 7th over - 0 runs, 0 hits, 0 errors, 0 left on base; Columbia 8 - Greensboro 0
TOP OF THE 8TH
Columbia Fireflies batting - Pitching for Greensboro Grasshoppers : RHP Josh Bieber
Now at SS: Idel Franco
Pinch Hitting: LHB R.J. Wells 0-0: Ball
1-0: Ball
2-0: Foul Ball, location: 2F
2-1: Called Strike
2-2: Foul Ball, location: 2F
2-2: Ball
3-2: Base on Balls
Pitching: RHP Dominic Donald
Batting: LHB Linus Dunaway 0-0: Ball
1-0: 2-RUN HOME RUN (Flyball, 9D, EV 97.5 MPH), Distance : 398 ft
Batting: LHB Greg Dunkleman 0-0: Foul Ball, location: 2F
0-1: Hit by Pitch
Batting: LHB Yoandris Cantu 0-0: Fly out, F5 (Popup, 5SF, EV 75.6 MPH)
Batting: SHB Nicolas Martínez 0-0: Swinging Strike
0-1: Called Strike
0-2: Strikes out looking
Batting: RHB Tom Riley 0-0: Ball
1-0: Called Strike
1-1: Foul Ball, location: 2F
1-2: Strikes out swinging
Top of the 8th over - 2 runs, 1 hit, 0 errors, 1 left on base; Columbia 10 - Greensboro 0
BOTTOM OF THE 8TH
Greensboro Grasshoppers batting - Pitching for Columbia Fireflies : RHP Jacob Thomas
Now in LF: R.J. Wells
Batting: LHB Wyatt Carson 0-0: Called Strike
0-1: Ball
1-1: Ground out 1-3 (Groundball, 34S, EV 73.8 MPH)
Pinch Hitting: RHB Mick Pawlak 0-0: Ball
1-0: Fly out, F8 (Flyball, 8LS, EV 88.1 MPH)
Batting: LHB Noah Christian 0-0: Called Strike
0-1: Ground out U3 (Groundball, 3, EV 101.9 MPH)
Bottom of the 8th over - 0 runs, 0 hits, 0 errors, 0 left on base; Columbia 10 - Greensboro 0
TOP OF THE 9TH
Columbia Fireflies batting - Pitching for Greensboro Grasshoppers : RHP Dominic Donald
Pitching: RHP Victor Barbosa
Now at 3B: Mick Pawlak
Batting: LHB Shawn Usachev 0-0: Called Strike
0-1: Ball
1-1: Swinging Strike
1-2: Strikes out swinging
Batting: RHB Chris Suter 0-0: Ball
1-0: Foul Ball, location: 2F
1-1: Ground out 6-3 (Groundball, 6, EV 78.1 MPH)
Batting: RHB Jonathan Morrow 0-0: Called Strike
0-1: Swinging Strike
0-2: Foul Ball, location: 2F
0-2: Strikes out swinging
Top of the 9th over - 0 runs, 0 hits, 0 errors, 0 left on base; Columbia 10 - Greensboro 0
BOTTOM OF THE 9TH
Greensboro Grasshoppers batting - Pitching for Columbia Fireflies : RHP Jacob Thomas
Batting: RHB Teddy Kelly 0-0: Ball
1-0: Foul Ball, location: 2F
1-1: Ground out 2-3 (Groundball, 2R, EV 65.6 MPH)
Batting: RHB Bascom Lee 0-0: Foul Ball, location: 2F
0-1: Ball
1-1: Fly out, F9 (Flyball, 9LM, EV 96.2 MPH)
Batting: RHB Jake Wilson 0-0: Ball
1-0: Ball
2-0: Called Strike
2-1: Called Strike
2-2: Foul Ball, location: 2F
2-2: Foul Ball, location: 2F
2-2: Ball
3-2: Base on Balls
Batting: RHB Javy Ramírez 0-0: Called Strike
0-1: Ball
1-1: Ball
2-1: Ground out 6-3 (Groundball, 6S, EV 90.0 MPH)
Bottom of the 9th over - 0 runs, 0 hits, 0 errors, 1 left on base; Columbia 10 - Greensboro 0
Thursday, April 25th , 2024 - OOTP Baseball 24.11 Build 85